 Dungeon Crawl Stone Soup version 0.30-a0-368-g86fb4627a9 (webtiles) character file.

Game seed: 3691037307537540558

6761 funkygono the Reanimator (level 10, -7/57 (65) HPs)
             Began as a Demonspawn Necromancer on Nov 19, 2022.
             Was a Believer of Sif Muna.
             Mangled by a wight
             ... wielding a +0 dire flail
              (8 damage)
             ... on level 7 of the Dungeon.
             The game lasted 00:34:19 (9223 turns).

funkygono the Reanimator (Demonspawn Necromancer)   Turns: 9223, Time: 00:34:19

HP:   -7/57 (65)    AC: 14    Str:  9    XL:     10   Next: 75%
MP:   0/24          EV: 13    Int: 30    God:    Sif Muna [**....]
Gold: 606           SH:  4    Dex: 18    Spells: 16/29 levels left

rFire   . . .      SeeInvis .    k - +2 whip
rCold   . . .      Faith    .    (no shield)
rNeg    + . .      Spirit   +    o - +2 leather armour of Zoruehon {rElec Int+9 Dex+5 Stlth-}
rPois   .          Reflect  .    (no helmet)
rElec   +          Harm     .    u - +1 cloak
rCorr   .          Rampage  .    I - +1 pair of gloves
Will    .....                    e - +1 pair of boots
Stlth   +.........               (no amulet)
HPRegen 0.29/turn                z - ring of positive energy
MPRegen 0.38/turn                (no ring)

@: heavily drained
A: yellow scales 2, magic shield, magic regeneration, magic link, condensation
shield
a: Renounce Religion, Channel Magic


You were on level 7 of the Dungeon.
You worshipped Sif Muna.
Sif Muna was pleased with you.
You visited 2 branches of the dungeon, and saw 9 of its levels.
You also visited: Bailey.

You collected 606 gold pieces.

Inventory:

Hand Weapons
 d - a +0 dagger
 i - a +0 mace
 k - a +2 whip (weapon)
 r - a +0 flail of draining
 D - a +0 whip of freezing
Armour
 a - a +0 robe
 e - a +1 pair of boots (worn)
 o - the +2 leather armour of Zoruehon (worn) {rElec Int+9 Dex+5 Stlth-}
   (You found it on level 2 of the Dungeon)

   Int:       It affects your intelligence (+9).
   Dex:       It affects your dexterity (+5).
   rElec:     It insulates you from electricity.
   Stlth:     It makes you less stealthy.
 s - the +1 robe of Autumn {Int+5 Dex-5 Stlth+}
   (You found it on level 3 of the Dungeon)

   Int:       It affects your intelligence (+5).
   Dex:       It affects your dexterity (-5).
   Stlth:     It makes you more stealthy.
 u - a +1 cloak (worn)
 F - an orb of wrath
 G - a +3 leather armour of fire resistance
 I - a +1 pair of gloves (worn)
Magical Staves
 n - a staff of fire
Jewellery
 z - a ring of positive energy (left hand)
Wands
 j - a wand of light (10)
 x - a wand of mindburst (14)
 y - a wand of iceblast (12)
 E - a wand of flame (3)
 H - a wand of charming (9)
 J - a wand of digging (8)
Scrolls
 f - a scroll of immolation
 g - a scroll of vulnerability
 h - a scroll of summoning
 m - a scroll of teleportation
 A - 3 scrolls of enchant armour
 K - a scroll of identify
Potions
 b - a potion of magic
 c - 5 potions of curing
 l - a potion of flight {unknown}
 p - 2 potions of haste
 q - 3 potions of heal wounds
 t - 2 potions of brilliance
 v - a potion of berserk rage {unknown}
 w - 2 potions of lignification
 B - a potion of invisibility {unknown}
 C - a potion of attraction {unknown}


   Skills:
 + Level 1.2 Fighting
 + Level 1.2 Maces & Flails
 + Level 3.0 Armour
 + Level 3.7 Dodging
 - Level 1.7 Stealth
 + Level 1.4 Shields
 + Level 10.4 Spellcasting
 + Level 12.4 Necromancy


You had 16 spell levels left.
You knew the following spells:

 Your Spells              Type           Power      Damage    Failure   Level
a - Necrotise             Necr           100%       1d9       1%          1
b - Vampiric Draining     Necr           74%        2d11      1%          3
c - Animate Dead          Necr           74%        N/A       1%          4
d - Agony                 Necr           74%        N/A       1%          5

Your spell library contained the following spells:

 Spells                   Type           Power      Damage    Failure   Level
 Magic Dart               Conj           60%        1d6       4%          1
 Slow                     Hex            60%        N/A       4%          1
 Call Imp                 Summ           15%        N/A       7%          2
 Confusing Touch          Hex            15%        N/A       14%         3
 Frozen Ramparts          Ice            30%        1d5       14%         3
 Gell's Gravitas          Tloc           15%        N/A       14%         3
 Lesser Beckoning         Tloc           30%        N/A       14%         3
 Mephitic Cloud           Conj/Pois/Air  15%        N/A       14%         3
 Portal Projectile        Hex/Tloc       30%        N/A       14%         3
 Stone Arrow              Conj/Erth      30%        3d8       14%         3
 Teleport Other           Tloc           15%        N/A       14%         3
 Tukima's Dance           Hex            15%        N/A       14%         3
 Vhi's Electric Charge    Tloc/Air       30%        N/A       14%         3
 Animate Armour           Summ/Erth      30%        N/A       41%         4
 Ice Form                 Ice/Tmut       15%        N/A       41%         4
 Manifold Assault         Tloc           15%        N/A       41%         4
 Passage of Golubria      Tloc           15%        N/A       41%         4
 Summon Ice Beast         Ice/Summ       15%        N/A       41%         4
 Arcjolt                  Conj/Air       7%         1d17      77%         5
 Blade Hands              Tmut           7%         N/A       77%         5
 Silence                  Hex/Air        7%         N/A       77%         5
 Dispersal                Tloc           7%         N/A       100%        6
 Disjunction              Tloc           7%         N/A       100%        8
 Lehudib's Crystal Spear  Conj/Erth      7%         10d3      100%        8
 Maxwell's Capacitive Co  Air            7%         ∞         100%        8


Dungeon Overview and Level Annotations

Branches:
Dungeon (8/15)             Temple (1/1) D:5          Bailey (visited)
   Lair: D:8-11

Altars:
Cheibriados
Dithmenos
Fedhas
Hepliaklqana
Makhleb
Nemelex Xobeh
Qazlal
Ru
Sif Muna
Trog
Uskayaw
Wu Jian
Xom
Yredelemnul
Lugonu


Innate Abilities, Weirdness & Mutations

You are mostly covered in yellow scales. (AC +3)
When hurt, damage is shared between your health and your magic reserves.
You regenerate magic rapidly.
When low on magic, you restore magic in place of health.
A meltable shield of frost defends you. (SH +4)


Message History

There is a stone staircase leading down here.
You climb downwards.
The wight hits you with a +0 dire flail.
The wight hits you with a +0 scimitar! The wight misses you.
The wight hits you with a +0 scimitar!
There is a stone staircase leading up, spattered with blood here.
Your reaping aura expires.
The wight hits you with a +0 dire flail!
You block the wight's attack.
You climb upwards.
There is a stone staircase leading down here.
Unknown command.
You hit the wight but do no damage. The wight hits you with a +0 scimitar!
The wight barely misses you.
You barely miss the wight.
The wight hits you but does no damage. x2
You hit the wight but do no damage. The wight hits you with a +0 scimitar.
You partially resist.
You feel drained.
The wight hits you with a +0 dire flail.
You partially resist.
You feel drained.
You barely miss the wight. The wight misses you.
The wight hits you with a +0 dire flail!
You partially resist.
You feel drained.
* * * LOW HITPOINT WARNING * * *
You closely miss the wight. The wight hits you with a +0 scimitar!
* * * LOW HITPOINT WARNING * * *
The wight closely misses you.
You hit the wight but do no damage. The wight misses you. x2
You hit the wight but do no damage. The wight hits you with a +0 scimitar.
* * * LOW HITPOINT WARNING * * *
The wight completely misses you.
You hit the wight but do no damage. You block the wight's attack.
The wight closely misses you.
You barely miss the wight. You block the wight's attack.
The wight hits you with a +0 dire flail!
* * * LOW HITPOINT WARNING * * *
You hit the wight but do no damage. The wight closely misses you. x2
You hit the wight but do no damage. The wight closely misses you. x2
You hit the wight but do no damage. The wight hits you but does no damage.
The wight hits you with a +0 dire flail!
You die...

#.#.[>####.........##.#.
#........'.........'....
#.#...####.........##.#.
#.#...# ##.......###.##
#.#.#.# ########## #.##
#.....####8###8### #...
###.####8...8...8## ####
#...##z........####
#.#.#@........._#.####
#.####z........##.....
#.####8...8...8#######
#.# ###8###8### #.#
###### ######
#.###.#..###.##.#
#......#........#
######.......####
#########


You could see 2 wights.

Vanquished Creatures
  A boulder beetle (D:8)
  Pikel (D:7)
  Maurice (D:8)
  A kobold demonologist (D:8)
  Prince Ribbit (D:6)
  4 yaks
  Sigmund (D:6)
  A wyvern (D:7)
  A steam dragon (D:6)
  Duvessa (D:6)
  8 orc warriors (Bailey)
  An ice beast (D:8)
  A black bear (D:5)
  3 ogres
  12 centaurs
  3 kobold brigands
  2 gnoll sergeants
  3 bullfrogs (D:7)
  A wight (D:7)
  Dowan (D:6)
  3 howler monkeys
  2 hounds
  4 jellies
  2 gnoll boudas
  3 orc priests
  An iguana (D:6)
  5 orc wizards
  17 gnolls
  6 adders
  4 dart slugs
  31 orcs
  5 bats
  8 endoplasms
  2 giant cockroaches
  7 goblins
  9 hobgoblins
  4 quokkas
  9 ball pythons
  A frilled lizard (D:1)
  17 kobolds
  5 rats
193 creatures vanquished.

Vanquished Creatures (collateral kills)
  A yak (D:6)
  An orc warrior (Bailey)
  A jelly (D:6)
  2 gnolls
  A worm (D:4)
  A dart slug (D:1)
  An endoplasm (D:1)
  A goblin (D:1)
  A ball python (D:1)
10 creatures vanquished.

Vanquished Creatures (others)
  3 yak zombies (D:6)
  3 centaur zombies (Bailey)
  An adder zombie (D:6)
  4 gnoll zombies
  A dart slug zombie (D:4)
  4 kobold zombies (D:6)
  17 orc zombies
  2 demonic plants (Temple)
  2 fungi (D:7)
  A plant (D:6)
38 creatures vanquished.

Grand Total: 241 creatures vanquished

Notes
Turn   | Place    | Note
-------+----------+-------------------------------------------
     0 | D:1      | funkygono the Demonspawn Necromancer began the quest for
                  | the Orb.
     0 | D:1      | Reached XP level 1. HP: 13/13 MP: 3/3
    86 | D:1      | Gained mutation: You regenerate magic rapidly. [demonic
                  | ancestry]
    86 | D:1      | Reached XP level 2. HP: 19/19 MP: 0/5
   219 | D:1      | Reached skill level 5 in Necromancy
   432 | D:1      | Gained mutation: A meltable shield of frost defends you.
                  | (SH +4) [demonic ancestry]
   432 | D:1      | Reached XP level 3. HP: 24/24 MP: 2/6
   696 | D:1      | Learned a level 3 spell: Vampiric Draining
  1191 | D:2      | Identified the +2 leather armour of Zoruehon {rElec Int+9
                  | Dex+5 Stlth-}
  1745 | D:3      | Identified the +1 robe of Autumn {Int+5 Dex-5 Stlth+}
  1773 | D:3      | Gained mutation: You are partially covered in yellow
                  | scales. (AC +2) [demonic ancestry]
  1773 | D:3      | Reached XP level 4. HP: 21/31 MP: 5/8
  1971 | D:3      | Found a bloodstained altar of Trog.
  2066 | D:3      | Reached skill level 6 in Necromancy
  2066 | D:3      | Gained mutation: When hurt, damage is shared between your
                  | health and your magic reserves. [demonic ancestry]
  2066 | D:3      | Reached XP level 5. HP: 36/36 MP: 3/9
  2283 | D:3      | Found a basalt altar of Yredelemnul.
  2317 | D:3      | Found a hide-covered altar of Uskayaw.
  2669 | D:3      | Learned a level 4 spell: Animate Dead
  2738 | D:4      | Noticed an ogre
  2744 | D:4      | Killed an ogre
  2745 | D:4      | Gained mutation: You are mostly covered in yellow scales.
                  | (AC +3) [demonic ancestry]
  2745 | D:4      | Reached XP level 6. HP: 33/42 MP: 1/11
  3112 | D:4      | Reached skill level 7 in Necromancy
  3159 | D:4      | Found a sparkling altar of Nemelex Xobeh.
  3479 | D:4      | Reached skill level 1 in Armour
  3555 | D:4      | Learned a level 5 spell: Agony
  3639 | D:5      | Entered Level 5 of the Dungeon
  3683 | D:5      | Gained mutation: When low on magic, you restore magic in
                  | place of health. [demonic ancestry]
  3683 | D:5      | Reached XP level 7. HP: 33/47 MP: 5/13
  3690 | D:5      | Reached skill level 1 in Maces & Flails
  3759 | D:5      | Found a staircase to the Ecumenical Temple.
  3768 | Temple   | Entered the Ecumenical Temple
  4262 | D:5      | Reached skill level 5 in Spellcasting
  4463 | D:5      | Found a shadowy altar of Dithmenos.
  4614 | D:6      | Noticed a yak
  4622 | D:6      | Noticed a yak
  4622 | D:6      | Noticed a yak
  4623 | D:6      | Noticed a yak
  4625 | D:6      | Noticed a yak
  4634 | D:5      | Killed a yak
  4635 | D:5      | Reached skill level 8 in Necromancy
  4635 | D:5      | Reached XP level 8. HP: 30/53 MP: 5/16
  4823 | D:6      | Noticed Prince Ribbit
  4875 | D:6      | Killed Prince Ribbit
  4876 | D:6      | Reached skill level 1 in Fighting
  5092 | D:6      | Reached skill level 1 in Shields
  5092 | D:6      | Reached skill level 9 in Necromancy
  5282 | D:6      | Noticed Dowan
  5282 | D:6      | Noticed Duvessa
  5293 | D:6      | Killed Dowan
  5302 | D:6      | Killed Duvessa
  5303 | D:6      | Reached XP level 9. HP: 59/59 MP: 12/19
  5456 | D:6      | Noticed Sigmund
  5479 | D:6      | Killed Sigmund
  5640 | D:6      | Found a blossoming altar of Fedhas.
  5655 | D:6      | Found a stormy altar of Qazlal.
  5667 | D:6      | Reached skill level 10 in Necromancy
  6019 | Temple   | Became a worshipper of Sif Muna the Loreminder
  6249 | D:7      | Noticed Pikel
  6262 | D:7      | Killed Pikel
  6443 | D:7      | Found a flagged portal.
  6452 | Bailey   | Entered a bailey
  6807 | Bailey   | Reached skill level 11 in Necromancy
  6933 | Bailey   | Reached * piety under Sif Muna
  6965 | Bailey   | Reached XP level 10. HP: 63/65 MP: 5/23
  8477 | D:8      | Noticed a boulder beetle
  8487 | D:8      | Killed a boulder beetle
  8488 | D:8      | Reached skill level 10 in Spellcasting
  8532 | D:8      | Noticed Maurice
  8550 | D:8      | Killed Maurice
  8551 | D:8      | Reached skill level 12 in Necromancy
  8819 | D:7      | Reached ** piety under Sif Muna
  8957 | D:8      | Found a snail-covered altar of Cheibriados.
  9220 | D:7      | HP: 1/57 [wight/+0 dire flail (6)]
  9223 | D:7      | Mangled by a wight

Illustrated notes

Levels and vault maps discovered:
D:1:      mrwooster_arrival_arrow, layout_rooms, skrybe_limestone_x,
          serial_bayou_lagoon_b
D:2:      layout_loops_corners, minivault_27, minmay_fractal_squares_gapless_5
D:3:      layout_loops_ring, mainiacjoe_overflow_alcove_1,
          mainiacjoe_overflow_small_starburst, nicolae_uskayaw_dance_hall
D:4:      layout_basic, nemelex_spade_bored_becter
D:5:      layout_rooms, lemuel_doored_altar, minmay_temple_entry_overgrown,
          minmay_crystal_water
D:6:      layout_basic, grunt_temple_overflow_forces_of_nature,
          kennysheep_generic_room_4, uniq_duvessa, uniq_sigmund,
          uniq_prince_ribbit1
D:7:      layout_loops_corners, nicolae_overflow_hidden_temple, enter_bailey_6,
          dreamdust_mushroom_princess, uniq_pikel
D:8:      layout_cave_pools, kennysheep_slug_shrine, serial_gnoll_camp,
          gnoll_camp_mini_loothouse, gnoll_camp_mini_hut, gnoll_camp_mini_hut,
          gnoll_camp_mini_hut, gnoll_camp_mini_doghouse, gnoll_camp_mini_shop,
          uniq_maurice
Temple:   corrupted_temple

Skill      XL: |  1  2  3  4  5  6  7  8  9 10 |
---------------+-------------------------------+-----
Necromancy     | 5 6 7 8 9 11 12 | 12.4
Spellcasting   | 3 4 5 7 9 10 | 10.4
Armour         | 1 2 3 |  3.0
Dodging        | 2 3 |  3.7
Maces & Flails | 1 |  1.2
Fighting       | 1 |  1.2
Shields        | 1 |  1.4
Stealth        | |  1.7

Action                   |  1- 3 |  4- 6 |  7- 9 | 10-12 || total
-------------------------+-------+-------+-------+-------++-------
Melee: Mace              |     1 |       |       |       ||     1
       Whip              |       |    11 |    38 |    32 ||    81
 Cast: Necrotise         |    75 |    82 |   166 |   124 ||   447
       Animate Dead      |       |     8 |    11 |     8 ||    27
       Vampiric Draining |       |     4 |    51 |    46 ||   101
       Agony             |       |       |     4 |     5 ||     9
Evoke: Wand              |       |       |     1 |       ||     1
  Use: Scroll            |       |    14 |     5 |     3 ||    22
 Stab: Distracted        |       |       |     1 |       ||     1
Armor: Leather armour    |     4 |    15 |    70 |    85 ||   174
       Robe              |     1 |       |       |       ||     1
Dodge: Dodged            |    12 |    21 |   110 |   143 ||   286
Block: Other             |     1 |     7 |    15 |    28 ||    51

Table legend: (Time is in decaauts)
 A = Elapsed time spent in this place.
 B = Non-inter-level travel time spent in this place.
 C = Inter-level travel time spent in this place.
 D = Time resting spent in this place.
 E = Time spent auto-exploring this place.
 F = Levels seen in this place.
 G = Mean time per level.
                   A        B        C        D        E       F      G
               +--------+--------+--------+--------+--------+-----+--------+
         Total |   9268 |   8885 |    383 |    730 |   6005 |  10 |  926.8 |
       Dungeon |   7945 |   7610 |    335 |    461 |   5533 |   8 |  993.1 |
        Temple |     91 |     43 |     48 |      0 |     26 |   1 |   91.0 |
        Bailey |   1232 |   1232 |      0 |    269 |    446 |   1 | 1232.0 |
               +--------+--------+--------+--------+--------+-----+--------+

Top non-repeatable levels by time:
     D:6: 1365 daAuts
     D:4: 1289 daAuts
     D:7: 1262 daAuts
  Bailey: 1232 daAuts
     D:2: 1114 daAuts
     D:3: 862 daAuts
     D:5: 776 daAuts
     D:1: 728 daAuts
     D:8: 545 daAuts
  Temple: 91 daAuts
